General information
- name: BNet
- type: Ladder 1vs1/FFA
- host: Battle.net
- saver: TIMG4STRok
map: TerenasStand
- players: 2
- length: 15:04
- speed: Fast
- version: 1.22 W3XP
- replay type:

» download(56 KB)
Players
team 1 (winner)

»
TIMG4STRok (
purple | 150 APM | 2267 actions | 15:04)
4 Death Knight
2 Death Coil
2 Unholy Aura
3 Lich
2 Frost Nova
1 Frost Armor
» actions
| Assign group hotkey | 28 | |
| Basic commands | 47 | |
| Build / train | 42 | |
| ESC pressed | 1 | |
| Enter build submenu | 16 | |
| Enter hero's abilities submenu | 7 | |
| Give item / drop item | 3 | |
| Right click | 1130 | |
| Select / deselect | 162 | |
| Select group hotkey | 785 | |
| Use ability | 46 | |
2267 total
» units
| Acolyte | 3 | |
| Ghoul | 7 | |
| Gargoyle | 10 | |
| Obsidian Statue | 1 | |
| Abomination | 1 | |
22 total
» upgrades
| Stone Form | 1 | |
| Creature Attack | 1 | |
| Disease Cloud | 1 | |
3 total
» buildings
| Crypt | 2 | |
| Altar of Darkness | 1 | |
| Ziggurat | 6 | |
| Tomb of Relics | 1 | |
| Halls of the Dead | 1 | |
| Graveyard | 1 | |
| Black Citadel | 1 | |
| Slaughterhouse | 1 | |
| Spirit Tower | 1 | |
| Necropolis | 1 | |
16 total
» build order
00:06 Crypt
00:11 Altar of Darkness
00:27 Ziggurat
00:59 Ziggurat
01:52 Tomb of Relics
02:40 Halls of the Dead
03:23 Graveyard
03:44 Crypt
04:00 Ziggurat
06:50 Ziggurat
08:04 Black Citadel
09:17 Slaughterhouse
10:08 Ziggurat
10:56 Spirit Tower
11:37 Ziggurat
13:48 Necropolis
» items
| Rod of Necromancy | 1 | |
| Potion of Healing | 1 | |
| Orb of Corruption | 1 | |
3 total
team 2 (loser)

»
CraSh-WiTH-ME (
blue | 79 APM | 1189 actions | 14:59)
4 Demon Hunter
2 Mana Burn
2 Evasion
3 Pandaren Brewmaster
2 Breath of Fire
1 Drunken Haze
» actions
| Assign group hotkey | 60 | |
| Build / train | 65 | |
| ESC pressed | 6 | |
| Enter build submenu | 22 | |
| Enter hero's abilities submenu | 7 | |
| Give item / drop item | 5 | |
| Right click | 497 | |
| Select / deselect | 196 | |
| Select group hotkey | 268 | |
| Use ability | 63 | |
1189 total
» units
| Wisp | 26 | |
| Huntress | 6 | |
| Archer | 6 | |
| Dryad | 6 | |
| Forest Troll Berserker | 1 | |
45 total
» buildings
| Altar of Elders | 1 | |
| Moon Well | 6 | |
| Hunter's Hall | 1 | |
| Ancient of War | 1 | |
| Tree of Ages | 1 | |
| Ancient Protector | 6 | |
| Ancient of Lore | 2 | |
| Tree of Life | 1 | |
| Ancient of Wind | 1 | |
20 total
» build order
00:09 Altar of Elders
00:19 Moon Well
01:34 Hunter's Hall
01:48 Ancient of War
01:55 Moon Well
02:55 Tree of Ages
03:37 Moon Well
05:08 Ancient Protector
05:12 Ancient Protector
05:16 Ancient Protector
06:15 Ancient of Lore
06:40 Moon Well
08:08 Ancient of Lore
09:13 Tree of Life
09:24 Ancient Protector
10:23 Moon Well
11:29 Moon Well
12:16 Ancient Protector
13:10 Ancient Protector
13:50 Ancient of Wind
» items
| Potion of Lesser Invulnerability | 1 | |
| Scroll of Healing | 3 | |
| Scroll of Protection | 3 | |
| Scroll of Town Portal | 1 | |
8 total
Chat log
(00:15 / All) TIMG4STRok: gl hf
(00:25 / All) CraSh-WiTH-ME: gl
(03:18 / All) CraSh-WiTH-ME: u cant surround me
(13:07 / All) CraSh-WiTH-ME: lol more mh?
(13:12 / All) TIMG4STRok: Retarded?
(13:17 / All) CraSh-WiTH-ME: u sux
(14:13 / All) CraSh-WiTH-ME: lol what a noob
(14:59 / All) CraSh-WiTH-ME: lol fuck you mh